TOP OF THE 1ST |
Reno Aces batting - Pitching for Las Vegas 51s : RHP Justin Overlie
|
Pitching: RHP Justin Overlie
|
|
Batting: RHB Joe Smack
|
0-0: Fly out, F7 (Flyball, 7LS, EV 73.1 MPH)
|
Batting: RHB Scott Travis
|
0-0: Called Strike 0-1: Ball 1-1: Ground out 5-3 (Groundball, 56, EV 93.1 MPH)
|
Batting: RHB Andy Swaim
|
0-0: Swinging Strike 0-1: Foul Ball, location: 2F 0-2: Ball 1-2: Ground out 6-3 (Groundball, 6S, EV 70.6 MPH)
|
Top of the 1st over - 0 runs, 0 hits, 0 errors, 0 left on base; Reno 0 - Las Vegas 0 |
BOTTOM OF THE 1ST |
Las Vegas 51s batting - Pitching for Reno Aces : RHP David Mendoza
|
Pitching: RHP David Mendoza
|
|
Batting: LHB Adam Hairston
|
0-0: Swinging Strike 0-1: Ball 1-1: Ground out 3-1 (Groundball, 34D, EV 108.8 MPH)
|
Batting: SHB Jason Evans
|
0-0: Ball 1-0: Called Strike 1-1: Swinging Strike 1-2: SINGLE (Groundball, 34D, EV 94.4 MPH)
|
Batting: LHB Jorge Rosales
|
0-0: Foul Ball, location: 2F 0-1: Called Strike 0-2: Ball 1-2: Strikes out swinging
|
Batting: SHB Josh Schultze
|
0-0: Ball 1-0: Ball 2-0: Ball 3-0: Called Strike 3-1: Base on Balls Jason Evans to second
|
Batting: LHB David McNair
|
0-0: Ball 1-0: Ball 2-0: Foul Ball, location: 2F 2-1: Called Strike 2-2: Foul Ball, location: 2F 2-2: Strikes out swinging
|
Bottom of the 1st over - 0 runs, 1 hit, 0 errors, 2 left on base; Reno 0 - Las Vegas 0 |
TOP OF THE 2ND |
Reno Aces batting - Pitching for Las Vegas 51s : RHP Justin Overlie
|
Batting: SHB Salvador Aragon
|
0-0: Ground out 4-3 (Groundball, 34D, EV 93.1 MPH)
|
Batting: LHB Jeff Densmore
|
0-0: Ball 1-0: Swinging Strike 1-1: Ball 2-1: Swinging Strike 2-2: Strikes out swinging
|
Batting: RHB Mario Soto
|
0-0: Called Strike 0-1: Ball 1-1: SINGLE (Line Drive, 34, EV 96.2 MPH)
|
Batting: RHB Alex Vasquez
|
0-0: Called Strike 0-1: Swinging Strike 0-2: DOUBLE (Line Drive, 5D, EV 99.4 MPH) Mario Soto to third Runner from 3rd tries for Home, SAFE, no throw by LF
|
Batting: RHB Tai Joo
|
0-0: Fly out, F3 (Popup, 3F, EV 60.6 MPH)
|
Top of the 2nd over - 1 run, 2 hits, 0 errors, 1 left on base; Reno 1 - Las Vegas 0 |
BOTTOM OF THE 2ND |
Las Vegas 51s batting - Pitching for Reno Aces : RHP David Mendoza
|
Batting: RHB Steven Romanovsky
|
0-0: Called Strike 0-1: Ball 1-1: Ball 2-1: SINGLE (Flyball, 6D, EV 88.8 MPH)
|
Batting: LHB Marc Durgin
|
0-0: Fielders Choice at 2nd, 5-4 (Groundball, 5, EV 83.1 MPH)
|
Batting: RHB Seth Daniel
|
0-0: Fly out, F4 (Popup, 4MD, EV 51.2 MPH)
|
Batting: RHB Leon Edwards
|
0-0: Ball 1-0: Ball 2-0: Ball 3-0: Called Strike 3-1: Called Strike 3-2: Strikes out swinging
|
Bottom of the 2nd over - 0 runs, 1 hit, 0 errors, 1 left on base; Reno 1 - Las Vegas 0 |
TOP OF THE 3RD |
Reno Aces batting - Pitching for Las Vegas 51s : RHP Justin Overlie
|
Batting: RHB Paul Van Gilder
|
0-0: Called Strike 0-1: Ground out 6-3 (Groundball, 6, EV 89.4 MPH)
|
Batting: RHB Joe Smack
|
0-0: Ball 1-0: Called Strike 1-1: Ball 2-1: Foul Ball, location: 2F 2-2: Ground out 6-3 (Groundball, 6, EV 79.4 MPH)
|
Batting: RHB Scott Travis
|
0-0: Ball 1-0: Ball 2-0: Ball 3-0: Called Strike 3-1: Foul Ball, location: 2F 3-2: SINGLE (Groundball, 25, EV 70.0 MPH) (infield hit)
|
Batting: RHB Andy Swaim
|
0-0: Ball 1-0: Foul Ball, location: 2F 1-1: Ball 2-1: Called Strike 2-2: Ball 3-2: DOUBLE (Line Drive, 5D, EV 98.8 MPH) Scott Travis to third Scott Travis scores
|
Batting: SHB Salvador Aragon
|
0-0: Ball 1-0: Foul Ball, location: 2F 1-1: Ground out U3 (Groundball, 3, EV 92.5 MPH)
|
Top of the 3rd over - 1 run, 2 hits, 0 errors, 1 left on base; Reno 2 - Las Vegas 0 |
BOTTOM OF THE 3RD |
Las Vegas 51s batting - Pitching for Reno Aces : RHP David Mendoza
|
Batting: LHB Adam Hairston
|
0-0: Ball 1-0: Foul Ball, location: 2F 1-1: Foul Ball, location: 2F 1-2: Ball 2-2: Ball 3-2: Foul Ball, location: 2F 3-2: Foul Ball, location: 2F 3-2: Foul Ball, location: 2F 3-2: Ground out 6-3 (Groundball, 6, EV 84.4 MPH)
|
Batting: SHB Jason Evans
|
0-0: Ball 1-0: Ball 2-0: Foul Ball, location: 2F 2-1: Ball 3-1: Base on Balls
|
Batting: LHB Jorge Rosales
|
0-0: Grounds into double play, 4-6-3 (Groundball, 4S, EV 85.6 MPH)
|
Bottom of the 3rd over - 0 runs, 0 hits, 0 errors, 0 left on base; Reno 2 - Las Vegas 0 |
TOP OF THE 4TH |
Reno Aces batting - Pitching for Las Vegas 51s : RHP Justin Overlie
|
Batting: LHB Jeff Densmore
|
0-0: Ball 1-0: Fly out, F8 (Flyball, 8LM, EV 95.0 MPH)
|
Batting: RHB Mario Soto
|
0-0: Swinging Strike 0-1: Foul Ball, location: 2F 0-2: Ball 1-2: Ball 2-2: Fly out, F7 (Line Drive, 7, EV 100.6 MPH)
|
Batting: RHB Alex Vasquez
|
0-0: Ball 1-0: Swinging Strike 1-1: Swinging Strike 1-2: Ground out U3 (Groundball, 3, EV 90.6 MPH)
|
Top of the 4th over - 0 runs, 0 hits, 0 errors, 0 left on base; Reno 2 - Las Vegas 0 |
BOTTOM OF THE 4TH |
Las Vegas 51s batting - Pitching for Reno Aces : RHP David Mendoza
|
Batting: SHB Josh Schultze
|
0-0: Ball 1-0: Ball 2-0: Called Strike 2-1: Called Strike 2-2: Ground out 4-3 (Groundball, 4, EV 80.6 MPH)
|
Batting: LHB David McNair
|
0-0: Called Strike 0-1: Ball 1-1: Foul Ball, location: 2F 1-2: Ball 2-2: Ground out 2-3 (Groundball, 2R, EV 69.4 MPH)
|
Batting: RHB Steven Romanovsky
|
0-0: Ball 1-0: Ball 2-0: Ground out 6-3 (Groundball, 56, EV 106.9 MPH)
|
Bottom of the 4th over - 0 runs, 0 hits, 0 errors, 0 left on base; Reno 2 - Las Vegas 0 |
TOP OF THE 5TH |
Reno Aces batting - Pitching for Las Vegas 51s : RHP Justin Overlie
|
Batting: RHB Tai Joo
|
0-0: Called Strike 0-1: Called Strike 0-2: Ball 1-2: Ball 2-2: Strikes out swinging
|
Batting: RHB Paul Van Gilder
|
0-0: Ground out U3 (Groundball, 3S, EV 81.2 MPH)
|
Batting: RHB Joe Smack
|
0-0: Swinging Strike 0-1: Ball 1-1: Fly out, F8 (Flyball, 8LM, EV 91.2 MPH)
|
Top of the 5th over - 0 runs, 0 hits, 0 errors, 0 left on base; Reno 2 - Las Vegas 0 |
BOTTOM OF THE 5TH |
Las Vegas 51s batting - Pitching for Reno Aces : RHP David Mendoza
|
Batting: LHB Marc Durgin
|
0-0: Called Strike 0-1: Ball 1-1: Ball 2-1: Foul Ball, location: 2F 2-2: Ground out U3 (Groundball, 3, EV 81.2 MPH)
|
Batting: RHB Seth Daniel
|
0-0: Ball 1-0: Swinging Strike 1-1: Called Strike 1-2: Strikes out swinging
|
Batting: RHB Leon Edwards
|
0-0: Ball 1-0: Ball 2-0: Called Strike 2-1: Foul Ball, location: 2F 2-2: Ball 3-2: Base on Balls
|
Pitching: RHP Alan Phillips
|
|
Batting: LHB Adam Hairston
|
0-0: SINGLE (Line Drive, 56D, EV 107.5 MPH) Leon Edwards to second
|
Batting: SHB Jason Evans
|
0-0: Ball 1-0: Swinging Strike 1-1: Called Strike 1-2: SINGLE (Groundball, 4D, EV 93.8 MPH) Leon Edwards to third Adam Hairston to second Runner from 3rd tries for Home, SAFE, throw by CF to home
|
Batting: LHB Jorge Rosales
|
0-0: Called Strike 0-1: Ball 1-1: Ground out 4-3 (Groundball, 4, EV 90.6 MPH)
|
Bottom of the 5th over - 1 run, 2 hits, 0 errors, 2 left on base; Reno 2 - Las Vegas 1 |
TOP OF THE 6TH |
Reno Aces batting - Pitching for Las Vegas 51s : RHP Justin Overlie
|
Batting: RHB Scott Travis
|
0-0: Called Strike 0-1: Foul Ball, location: 2F 0-2: Strikes out looking
|
Batting: RHB Andy Swaim
|
0-0: Foul Ball, location: 2F 0-1: Ball 1-1: Foul Ball, location: 2F 1-2: Ball 2-2: Foul Ball, location: 2F 2-2: SINGLE (Groundball, 56S, EV 71.9 MPH) (infield hit)
|
Batting: SHB Salvador Aragon
|
0-0: Called Strike Andy Swaim steals 2nd base (no throw) 0-1: Ball 1-1: Foul Ball, location: 2F 1-2: Ball 2-2: Foul Ball, location: 2F 2-2: Fly out, F5 (Line Drive, 5, EV 76.9 MPH)
|
Batting: LHB Jeff Densmore
|
0-0: Swinging Strike 0-1: Ball 1-1: Ball 2-1: Ball 3-1: Ground out U3 (Groundball, 3S, EV 91.2 MPH)
|
Top of the 6th over - 0 runs, 1 hit, 0 errors, 1 left on base; Reno 2 - Las Vegas 1 |
BOTTOM OF THE 6TH |
Las Vegas 51s batting - Pitching for Reno Aces : RHP Alan Phillips
|
Batting: SHB Josh Schultze
|
0-0: Ground out U3 (Groundball, 3, EV 85.0 MPH)
|
Batting: LHB David McNair
|
0-0: Called Strike 0-1: Swinging Strike 0-2: Ball 1-2: Strikes out swinging
|
Batting: RHB Steven Romanovsky
|
0-0: Fly out, F3 (Flyball, 3D, EV 90.6 MPH)
|
Bottom of the 6th over - 0 runs, 0 hits, 0 errors, 0 left on base; Reno 2 - Las Vegas 1 |
TOP OF THE 7TH |
Reno Aces batting - Pitching for Las Vegas 51s : RHP Justin Overlie
|
Batting: RHB Mario Soto
|
0-0: Called Strike 0-1: Ball 1-1: Ball 2-1: Swinging Strike 2-2: Ball 3-2: Strikes out swinging, 2-3 out at first.
|
Batting: RHB Alex Vasquez
|
0-0: Called Strike 0-1: Foul Ball, location: 2F 0-2: Strikes out looking
|
Batting: RHB Tai Joo
|
0-0: Called Strike 0-1: Swinging Strike 0-2: Ball 1-2: Strikes out swinging
|
Top of the 7th over - 0 runs, 0 hits, 0 errors, 0 left on base; Reno 2 - Las Vegas 1 |
BOTTOM OF THE 7TH |
Las Vegas 51s batting - Pitching for Reno Aces : RHP Alan Phillips
|
Batting: LHB Marc Durgin
|
0-0: Swinging Strike 0-1: Swinging Strike 0-2: Strikes out swinging
|
Batting: RHB Seth Daniel
|
0-0: Ball 1-0: Swinging Strike 1-1: Swinging Strike 1-2: Strikes out looking
|
Batting: RHB Leon Edwards
|
0-0: Called Strike 0-1: Fly out, F3 (Popup, 3SF, EV 75.6 MPH)
|
Bottom of the 7th over - 0 runs, 0 hits, 0 errors, 0 left on base; Reno 2 - Las Vegas 1 |
TOP OF THE 8TH |
Reno Aces batting - Pitching for Las Vegas 51s : RHP Justin Overlie
|
Batting: RHB Paul Van Gilder
|
0-0: Foul Ball, location: 2F 0-1: Foul Ball, location: 2F 0-2: Ball 1-2: Strikes out swinging
|
Batting: RHB Joe Smack
|
0-0: Ball 1-0: Foul Ball, location: 2F 1-1: Ball 2-1: Ball 3-1: Called Strike 3-2: SINGLE (Groundball, 34D, EV 96.2 MPH)
|
Pitching: RHP Dakota McAdam
|
|
Batting: RHB Scott Travis
|
0-0: Ball Joe Smack is caught stealing 2nd base 2-4 1-0: Foul Ball, location: 2F 1-1: Foul Ball, location: 2F 1-2: Foul Ball, location: 2F 1-2: SOLO HOME RUN (Flyball, 9D, EV 95.6 MPH), Distance : 383 ft
|
Batting: RHB Andy Swaim
|
0-0: Foul Ball, location: 2F 0-1: SINGLE (Line Drive, 8LS, EV 110.6 MPH)
|
Batting: SHB Salvador Aragon
|
0-0: Ball 1-0: Ball Andy Swaim steals 2nd base 2-0: Called Strike 2-1: Fly out, F7 (Flyball, 7D, EV 93.1 MPH)
|
Top of the 8th over - 1 run, 3 hits, 0 errors, 1 left on base; Reno 3 - Las Vegas 1 |
BOTTOM OF THE 8TH |
Las Vegas 51s batting - Pitching for Reno Aces : RHP Alan Phillips
|
Batting: LHB Adam Hairston
|
0-0: Ball 1-0: Called Strike 1-1: Called Strike 1-2: Fly out, F1 (Line Drive, P, EV 70.6 MPH)
|
Batting: SHB Jason Evans
|
0-0: Ball 1-0: Called Strike 1-1: Ball 2-1: Ground out 4-3 (Groundball, 4S, EV 87.5 MPH)
|
Batting: LHB Jorge Rosales
|
0-0: Foul Ball, location: 2F 0-1: Called Strike 0-2: Ball 1-2: Ball 2-2: Ball 3-2: Base on Balls
|
Batting: SHB Josh Schultze
|
0-0: Ball 1-0: Foul Ball, location: 2F 1-1: Reached on error, E3 (Groundball, 34, EV 103.8 MPH) Jorge Rosales to second
|
Pitching: RHP Gerardo Camacho
|
|
Batting: LHB David McNair
|
0-0: Called Strike 0-1: Foul Ball, location: 2F 0-2: Ball 1-2: Foul Ball, location: 2F 1-2: Ground out U3 (Groundball, 3, EV 83.1 MPH)
|
Bottom of the 8th over - 0 runs, 0 hits, 1 error, 2 left on base; Reno 3 - Las Vegas 1 |
TOP OF THE 9TH |
Reno Aces batting - Pitching for Las Vegas 51s : RHP Dakota McAdam
|
Pitching: LHP Josh Taylor
|
|
Batting: LHB Jeff Densmore
|
0-0: Swinging Strike 0-1: Foul Ball, location: 2F 0-2: Ball 1-2: Ball 2-2: Foul Ball, location: 2F 2-2: Ground out 6-3 (Groundball, 6, EV 77.5 MPH)
|
Batting: RHB Mario Soto
|
0-0: Called Strike 0-1: Ball 1-1: Foul Ball, location: 2F 1-2: Ball 2-2: Foul Ball, location: 2F 2-2: Foul Ball, location: 2F 2-2: SINGLE (Groundball, 6MD, EV 110.0 MPH)
|
Batting: RHB Alex Vasquez
|
0-0: Ball 1-0: Ball 2-0: Called Strike 2-1: Called Strike 2-2: Strikes out swinging
|
Batting: RHB Tai Joo
|
0-0: Foul Ball, location: 2F 0-1: Foul Ball, location: 2F 0-2: Foul Ball, location: 2F 0-2: Ball 1-2: Strikes out looking
|
Top of the 9th over - 0 runs, 1 hit, 0 errors, 1 left on base; Reno 3 - Las Vegas 1 |
BOTTOM OF THE 9TH |
Las Vegas 51s batting - Pitching for Reno Aces : RHP Gerardo Camacho
|
Pitching: LHP Mario Valdivia
|
|
Now in LF: John Gray
|
|
Now in RF: Jeff Densmore
|
|
Batting: RHB Steven Romanovsky
|
0-0: Ball 1-0: Called Strike 1-1: Called Strike 1-2: Foul Ball, location: 2F 1-2: Foul Ball, location: 2F 1-2: Foul Ball, location: 2F 1-2: Ball 2-2: Strikes out swinging
|
Pinch Hitting: RHB Mike Titus
|
0-0: Ball 1-0: Ball 2-0: Ball 3-0: Base on Balls
|
Batting: RHB Seth Daniel
|
0-0: Called Strike 0-1: Ball 1-1: Grounds into double play, 4-6-3 (Groundball, 4, EV 111.2 MPH)
|
Bottom of the 9th over - 0 runs, 0 hits, 0 errors, 0 left on base; Reno 3 - Las Vegas 1 |
|